AoeStats
← Moialediaz

Four Lakes

509739253Analyzed
1v1 RM · 4d ago on Sep 27, 2026· 64m 11s· 2 players
Game mode
Random Map
Map size
Tiny (2 player)
Population
200
Speed
Normal
Resources
Standard
Victory
Conquest
Starting age
Dark Age
Ending age
Imperial Age
RankedLock teamsTeams togetherTeam positionsShared explorationLock speedFull tech treeHidden civsTurbo modeCheats
Victory
Defeat
🇺🇸 Vikings · United States
772
+17
🇨🇱 Italians · Chile
801
-39
JakeWJF
4:39 Loom
9:33 Feudal Age
10:14 Double-Bit Axe
15:29 Man-at-Arms
19:31 Castle Age
18:12 Scale Mail Armor
18:23 Forging
18:22 Horse Collar
20:57 Bow Saw
20:46 Arson
20:23 Long Swordsman
24:05 Heavy Plow
25:25 Fishing Lines
25:49 Town Watch
26:34 Fletching
27:50 Bodkin Arrow
29:04 Gillnets
32:49 Squires
33:49 Town Patrol
34:03 Elite Skirmisher
35:42 Fervor
38:23 Chain Mail Armor
38:43 Iron Casting
38:09 Padded Archer Armor
39:19 Murder Holes
39:45 Ballistics
44:32 Imperial Age
43:32 Leather Archer Armor
44:40 Chieftains
44:42 Two-Handed Swordsman
44:57 Elite Varangian Guard
46:00 Conscription
45:14 Sappers
46:22 Hoardings
45:54 Onager
49:54 Champion
53:32 Siege Engineers
54:28 Chemistry
60:26 Capped Ram
61:49 Bogsveigar
63:16 Plate Mail Armor
62:46 Bracer
Moialediaz
8:54 Loom
11:25 Feudal Age
13:11 Fishing Lines
14:25 Horse Collar
14:33 Double-Bit Axe
16:36 Gold Mining
16:37 Stone Mining
20:21 Castle Age
18:28 Fletching
20:39 Crossbowman
21:29 Thumb Ring
26:16 Stone Shaft Mining
26:46 Bodkin Arrow
26:51 Padded Archer Armor
40:01 Bow Saw
39:55 Heavy Plow
40:09 Gillnets
44:50 Imperial Age
43:03 Stone Shaft Mining
45:57 Pirotechnia
46:05 Pirotechnia
45:26 Capped Ram
55:51 Two-Man Saw
55:25 Crop Rotation
Connection lost

Rejoining the realm…

Still unreachable

The connection could not be restored.

Session expired

The server has moved on; the page needs a fresh start.